 Dungeon Crawl Stone Soup version 0.30-a0-605-gb2882149bf (webtiles) character file.

Game seed: 12103221998490142607

3125 bmack86 the Fighter (level 9, 0/84 HPs)
             Began as a Minotaur Fighter on Jan 7, 2023.
             Succumbed to an orange demon's poison
             ... on level 8 of the Dungeon.
             The game lasted 00:15:24 (5143 turns).

bmack86 the Fighter (Minotaur Fighter)              Turns: 5143, Time: 00:15:24

Health: 0/84       AC: 12    Str: 25    XL:     9   Next: 61%
Magic:  8/8        EV: 13    Int:  5    God:
Gold:   176        SH:  5    Dex: 10    Spells: 8/8 levels left

rFire   . . .      SeeInvis +    a - +0 war axe
rCold   . . .      Faith    .    c - +0 buckler
rNeg    . . .      Spirit   .    A - +0 chain mail
rPois   .          Reflect  .    (helmet restricted)
rElec   .          Harm     .    (no cloak)
rCorr   .          Rampage  .    v - +1 Delatra's gloves {ID++}
Will    .....                    (no boots) Stlth
                                 C - amulet of the acrobat
HPRegen 0.34/turn                k - ring of see invisible
MPRegen 0.11/turn                B - +5 ring of evasion

@: lethally poisoned (0 -> -17), weakened
A: horns 2, retaliatory headbutt
a: no special abilities


You were on level 8 of the Dungeon.
You visited 2 branches of the dungeon, and saw 9 of its levels.

You collected 281 gold pieces.
You spent 105 gold pieces at shops.

Inventory:

Hand Weapons
 a - a +0 war axe (weapon)
Missiles
 o - 3 poisoned darts (quivered)
 w - a throwing net
Armour
 b - a +0 scale mail
 c - a +0 buckler (worn)
 v - the +1 Delatra's gloves (worn) {ID++}
   (You found it on level 3 of the Dungeon)

   It heals its wearer when they drink unknown potions.
   It restores its wearer's MP when they read unknown scrolls.
 A - a +0 chain mail (worn)
Jewellery
 k - a ring of see invisible (left hand)
 y - an amulet of magic regeneration
 B - a +5 ring of evasion (right hand)
 C - an amulet of the acrobat (around neck)
 E - a ring of fire
Wands
 m - a wand of roots (7)
Scrolls
 g - 2 scrolls of fog
 h - a scroll of amnesia
 i - 2 scrolls of teleportation
 j - a scroll of noise {unknown}
 l - 4 scrolls of poison
 n - 2 scrolls of butterflies {unknown}
 r - 2 scrolls of blinking {unknown}
 s - 3 scrolls of enchant weapon
 t - 2 scrolls of silence {unknown}
 z - 4 scrolls of vulnerability {unknown}
 D - a scroll of identify
Potions
 d - 2 potions of might
 e - 6 potions of curing
 f - 2 potions of attraction
 p - 4 potions of heal wounds
 q - 2 potions of lignification
 x - 3 potions of haste {unknown}
 F - a potion of ambrosia {unknown}
 G - a potion of degeneration {unknown}


   Skills:
 * Level 9.4 Fighting
 * Level 9.1 Axes
 + Level 4.3 Throwing
 + Level 7.3 Armour
 + Level 7.2 Shields


You had 8 spell levels left.
You didn't know any spells.
Your spell library contained the following spells:

 Spells                   Type           Power      Damage    Failure   Level
 Foxfire                  Conj/Fire      0%         2x1d4     98%         1
 Sting                    Tmut/Pois      0%         1d3       98%         1
 Ensorcelled Hibernation  Hex/Ice        0%         N/A       99%         2
 Passwall                 Tmut/Erth      0%         N/A       99%         2
 Poisonous Vapours        Pois/Air       0%         N/A       99%         2
 Sublimation of Blood     Necr           0%         N/A       99%         2
 Call Canine Familiar     Summ           0%         N/A       100%        3
 Portal Projectile        Hex/Tloc       0%         N/A       100%        3
 Swiftness                Air            0%         N/A       100%        3
 Leda's Liquefaction      Hex/Erth       0%         N/A       100%        4
 Olgreb's Toxic Radiance  Pois           0%         N/A       100%        4
 Petrify                  Tmut/Erth      0%         N/A       100%        4
 Fireball                 Conj/Fire      0%         3d3       100%        5
 Irradiate                Conj/Tmut      0%         3d11      100%        5
 Starburst                Conj/Fire      0%         6d3       100%        6


Dungeon Overview and Level Annotations

Branches:
Dungeon (8/15)             Temple (1/1) D:5
   Lair: D:8-11

Altars:
Dithmenos
Elyvilon
Fedhas
Gozag
Hepliaklqana
Kikubaaqudgha
Nemelex Xobeh
Qazlal
Trog
Uskayaw
Vehumet
Wu Jian
Yredelemnul
Zin

Shops:
D:4 *

Portals:
Abyss: D:5

Annotations:
D:5 2 transporters, drugrobin's ghost, weakling DgDe


Innate Abilities, Weirdness & Mutations

You have a pair of horns on your head.
You reflexively headbutt those who attack you in melee.


Message History

Amaemon barely misses you.
You slash Amaemon!
You kill Amaemon!
You feel extremely sick.
The orange demon stings you but does no damage.
Your Axes skill increases to level 9!
Your Shields skill increases to level 7!
You feel very sick. You block the orange demon's attack.
The orange demon completely misses you.
Things that are here:
a +0 demon whip of venom; the demonspawn corpse of Amaemon You feel very sick.
The orange demon no longer looks unusually toxic.
The orange demon stings you.
* * * LOW HITPOINT WARNING * * *
The orange demon completely misses you.
You slash the orange demon!
You headbutt the orange demon, but do no damage.
The orange demon is moderately wounded.
You feel very sick. The orange demon stings you.
* * * LOW HITPOINT WARNING * * *
You are lethally poisoned!
The orange demon poisons you! You block the orange demon's attack.
You completely miss the orange demon.
The orange demon is moderately wounded.
* * * LOW HITPOINT WARNING * * *
You feel very sick. The orange demon barely misses you.
The orange demon hits you.
* * * LOW HITPOINT WARNING * * *
You feel your attacks grow feeble.
You hit the orange demon. You headbutt the orange demon!
The orange demon is heavily wounded.
* * * LOW HITPOINT WARNING * * *
You feel very sick. The orange demon barely misses you.
You furiously retaliate!
You headbutt the orange demon. The orange demon closely misses you.
You barely miss the orange demon.
The orange demon is heavily wounded.
You die...

#.# #..##.. ##.#
#..#### #..### #...#
# ##....#####...#
#.........#..##
###............#
..####...########....
# ........)## .
..#####.@4#
##........ ##......#
#...### ..## #.# ..
..#


You could see an orange demon.

Vanquished Creatures
  Amaemon (D:8)
  Grinder (D:4)
  A shadow (D:6)
  2 water moccasins
  A sky beast (D:4)
  2 black bears
  2 ogres
  A centaur (D:6)
  2 phantoms
  2 kobold brigands (D:6)
  A necrophage (D:6)
  2 bullfrogs (D:7)
  A scorpion (D:6)
  3 killer bees (D:7)
  A howler monkey (D:5)
  2 hounds
  A jelly (D:4)
  2 orc priests
  A gnoll bouda (D:6)
  6 orc wizards
  8 iguanas
  9 gnolls (D:6)
  8 adders
  3 white imps
  2 worms
  3 dart slugs
  18 orcs
  7 ball pythons
  9 endoplasms
  6 giant cockroaches
  6 goblins
  4 hobgoblins
  13 kobolds
  4 quokkas
  12 bats
  A frilled lizard (D:1)
  A rat (D:2)
149 creatures vanquished.

Notes
Turn   | Place    | Note
-------+----------+-------------------------------------------
     0 | D:1      | bmack86 the Minotaur Fighter began the quest for the Orb.
     0 | D:1      | Reached XP level 1. HP: 19/19 MP: 0/0
   322 | D:1      | Reached XP level 2. HP: 27/27 MP: 1/1
   337 | D:1      | Found a faded altar of an unknown god.
   778 | D:2      | Reached XP level 3. HP: 33/33 MP: 2/2
  1365 | D:3      | Found a stormy altar of Qazlal.
  1469 | D:3      | Reached XP level 4. HP: 31/41 MP: 3/3
  1756 | D:3      | Found the +1 Delatra's gloves {ID++}
  2199 | D:4      | Reached XP level 5. HP: 12/47 MP: 4/4
  2206 | D:4      | Reached skill level 5 in Fighting
  2326 | D:4      | Found a white marble altar of Elyvilon.
  2387 | D:4      | Reached XP level 6. HP: 54/56 MP: 5/5
  2428 | D:4      | Reached skill level 5 in Axes
  2469 | D:4      | Found Kaqusm's General Store.
  2482 | D:4      | Bought a scroll of enchant weapon for 105 gold pieces
  2581 | D:4      | Noticed a sky beast
  2593 | D:4      | Killed a sky beast
  2594 | D:4      | Reached skill level 1 in Throwing
  2594 | D:4      | Reached skill level 5 in Armour
  2806 | D:4      | Found a shadowy altar of Dithmenos.
  2918 | D:4      | Reached skill level 5 in Shields
  3140 | D:4      | Found a sparkling altar of Nemelex Xobeh.
  3189 | D:5      | Entered Level 5 of the Dungeon
  3195 | D:5      | Noticed Grinder
  3201 | D:4      | Reached XP level 7. HP: 60/63 MP: 6/6
  3205 | D:5      | Paralysed by Grinder for 2 turns
  3223 | D:4      | Killed Grinder
  3352 | D:5      | Reached XP level 8. HP: 22/73 MP: 7/7
  3593 | D:5      | Found a staircase to the Ecumenical Temple.
  3600 | Temple   | Entered the Ecumenical Temple
  3841 | D:5      | You fall into a shaft and drop 1 floor!
  4102 | D:5      | Found a transporter.
  4110 | D:5      | Found a transporter.
  4138 | D:5      | Found a one-way gate to the infinite horrors of the Abyss.
  4138 | D:5      | Noticed drugrobin's ghost (weakling DgDe)
  4837 | D:6      | Found a bloodstained altar of Trog.
  4844 | D:6      | Reached XP level 9. HP: 66/82 MP: 8/8
  4958 | D:7      | Found a hide-covered altar of Uskayaw.
  4960 | D:7      | Found an ancient bone altar of Kikubaaqudgha.
  5129 | D:8      | Noticed Amaemon
  5129 | D:8      | Noticed an orange demon
  5137 | D:8      | Killed Amaemon
  5142 | D:8      | HP: 4/84 [poisoned by an orange demon]
  5143 | D:8      | Succumbed to an orange demon's poison

Illustrated notes

Levels and vault maps discovered:
D:1:      dpeg_arrival_more_subterranean_lakeside_camping, layout_loops_ring,
          nicolae_ecumenical_lake_church
D:2:      layout_basic
D:3:      layout_basic, nicolae_qazlal_scattered_showers,
          pf_guarded_unrand_delatra
D:4:      layout_loops_corners, elyvilon_altar_3, kennysheep_mini,
          nemelex_diamond_rough_becter, serial_shops, shop,
          corexii_hall_statues_s, guppyfry_early_lair_pool
D:5:      layout_rooms, minmay_temple_entry_statues_pillars,
          gammafunk_ghost_abyssal_escape, minivault_25, uniq_grinder
D:6:      minmay_spotlight, layout_rooms, trog_antimagical
D:7:      layout_rooms, nicolae_overflow_hidden_temple
D:8:      layout_layer_cave, grunt_temple_overflow_open, lair_entry_dummy,
          uniq_maurice, uniq_amaemon
Temple:   hellmonk_temple_of_storms

Skill      XL: |  1  2  3  4  5  6  7  8  9 |
---------------+----------------------------+-----
Fighting       | 4 5 6 7 8 9 |  9.4
Axes           | 3 4 5 6 8 9 |  9.1
Armour         | 4 5 6 7 |  7.3
Shields        | 4 5 6 7 |  7.2
Throwing       | 1 2 3 4 |  4.3

Action                   |  1- 3 |  4- 6 |  7- 9 || total
-------------------------+-------+-------+-------++-------
Melee: War axe           |   110 |    76 |   140 ||   326
       Headbutt          |    12 |    16 |    27 ||    55
Throw: Dart              |       |     2 |       ||     2
  Use: Scroll            |       |     7 |     1 ||     8
       Potion            |       |     2 |     1 ||     3
Armor: Scale mail        |    88 |    77 |       ||   165
       Chain mail        |       |    13 |    75 ||    88
Dodge: Dodged            |    62 |    89 |   149 ||   300
Block: Buckler           |    47 |    20 |    46 ||   113

Table legend: (Time is in decaauts)
 A = Elapsed time spent in this place.
 B = Non-inter-level travel time spent in this place.
 C = Inter-level travel time spent in this place.
 D = Time resting spent in this place.
 E = Time spent auto-exploring this place.
 F = Levels seen in this place.
 G = Mean time per level.
                   A        B        C        D        E       F      G
               +--------+--------+--------+--------+--------+-----+--------+
         Total |   5246 |   5108 |    138 |    385 |   3111 |   9 |  582.9 |
       Dungeon |   5178 |   5040 |    138 |    385 |   3111 |   8 |  647.2 |
        Temple |     67 |     67 |      0 |      0 |      0 |   1 |   67.0 |
               +--------+--------+--------+--------+--------+-----+--------+

Top non-repeatable levels by time:
     D:4: 1153 daAuts
     D:3: 852 daAuts
     D:5: 831 daAuts
     D:6: 772 daAuts
     D:2: 701 daAuts
     D:1: 676 daAuts
     D:7: 128 daAuts
  Temple: 67 daAuts
     D:8: 62 daAuts
